 Dungeon Crawl Stone Soup version 0.17-a0-1691-g18a3847 (webtiles) character file.

106 Gorice the Grasshopper (level 4, -1/21 HPs)
             Began as a Spriggan Wanderer on Aug 20, 2015.
             Slain by a gnoll
             ... wielding a +2 spear of piercing
              (11 damage)
             ... on level 3 of the Dungeon.
             The game lasted 00:18:22 (4129 turns).

Gorice the Grasshopper (Spriggan Wanderer)          Turns: 4129, Time: 00:18:22

Health: -1/21      AC:  4    Str:  9    XL:     4   Next: 55%
Magic:  6/6        EV: 14    Int: 13    God:
Gold:   122        SH:  0    Dex: 15    Spells: 0 memorised, 3 levels left

rFire  . . .     SeeInvis +     a - +2 dagger
rCold  . . .     Clarity  .     d - +1 robe
rNeg   . . .     SustAt   .     (shield restricted)
rPois  +         Gourm    .     (helmet restricted)
rElec  .         Spirit   .     r - +0 cloak
rCorr  .         Warding  .     (gloves unavailable)
rMut   .         Stasis   .     (boots unavailable)
MR     .....                    (no amulet)
Stlth  +++.......               (no ring)
                                t - ring of poison resistance

@: very quick, not resistant to hostile enchantments, fairly stealthy
A: unfitting armour, see invisible, herbivore 3, speed 3, slow metabolism 2
a: no special abilities


You were on level 3 of the Dungeon.
You were not hungry.

You visited 1 branch of the dungeon, and saw 3 of its levels.

You collected 122 gold pieces.

Inventory:

Hand weapons
 a - a +2 dagger (weapon)
 e - a +1 whip of electrocution
   (You found it on level 2 of the Dungeon)
 v - a +0 whip of freezing
   (You found it on level 2 of the Dungeon)
 x - a +0 rapier
Missiles
 j - 32 poisoned needles
 k - 7 needles of sleeping
 p - 14 sling bullets
 u - 16 sling bullets of frost
 Z - 138 stones (quivered)
Armour
 d - a +1 robe (worn)
 l - a +0 buckler
 r - a +0 cloak (worn)
Jewellery
 t - a ring of poison resistance (left hand)
Scrolls
 b - a scroll of blinking
 h - 2 scrolls of magic mapping {!r}
 i - a scroll of fear {unknown}
 n - 2 scrolls of remove curse
Potions
 f - a potion of curing {unknown}
 g - a potion of cancellation {!q}
 m - a potion of mutation {!q}
 q - 2 potions of heal wounds {unknown}
Books
 c - the Grimoire of Unholy Arts

   Spells                             Type                      Level
   a - Pain                           Necromancy                   1
   b - Regeneration                   Charms/Necromancy            3
Comestibles
 w - 3 bread rations {!e}


   Skills:
 * Level 3.4 Short Blades
   Level 1.0 Axes
 + Level 4.1 Dodging
 + Level 3.5 Stealth
   Level 1.7 Necromancy
   Level 4.4 Translocations
   Level 1.3 Evocations


You had 3 spell levels left.
You didn't know any spells.

Dungeon Overview and Level Annotations

Branches:
Dungeon (3/15)

Altars:
Trog


Innate Abilities, Weirdness & Mutations

You are tiny and cannot use many weapons and most armour.
You have supernaturally acute eyesight.
You are a herbivore.
You cover ground extremely quickly.
You need consume almost no food.


Message History

There is a stone staircase leading down here.
You hit the orc.
The orc is lightly wounded.
The orc closely misses you.
You hit the orc but do no damage.
The orc is lightly wounded.
You closely miss the orc.
The orc is lightly wounded.
The orc misses you.
You hit the orc.
The orc is severely wounded.
The orc misses you.
You hit the orc but do no damage.
The orc is severely wounded.
The orc misses you.
You hit the orc.
The orc is almost dead.
You hit the orc.
You kill the orc!
Things that are here:
a club; a leather armour
There is a stone staircase leading down here.
An adder comes into view.
The adder completely misses you.
You hit the adder.
The adder is moderately wounded.
The adder misses you.
You hit the adder.
The adder is severely wounded.
The adder bites you but does no damage.
You closely miss the adder.
The adder is severely wounded.
The adder closely misses you. x2
You hit the adder.
You kill the adder!
No target in view!
No target in view!
(D) Dungeon
Where to? (Enter - D:2 @ (x,y), ? - help)
There is a stone staircase leading down here.
You climb downwards.
There is a stone staircase leading up here.
The gnoll hits you from afar with a spear of piercing.
The orc wizard points at you and mumbles some strange words.
The magic dart hits you!
Damage: 11 (max 11) Unknown command.
The gnoll hits you from afar with a spear of piercing!
Ouch! That really hurt!
You die...

......#.....g.....#....
..................# ...
.#....#..<..o.....##...
##..............#.....
####................#..#
.......................#
##....g............#...
##.....g....##........#.
.......@........###...##
.......#.)....รท###....##
####...#.......##.......
#.###..............#.
##.#...........##...##
#...........#.## .#
###...........#.#
##....#..>.....###
#......)#......#


You could see an orc wizard and 2 gnolls.

Vanquished Creatures
  5 adders (D:2)
  4 worms (D:2)
  2 giant geckos (D:2)
  An orc (D:2)
  9 goblins
  10 hobgoblins
  A quokka (D:2)
  A ball python (D:2)
  4 bats
  2 giant cockroaches
  4 giant newts
  6 kobolds
  4 rats (D:2)
53 creatures vanquished.

Notes
Turn   | Place    | Note
--------------------------------------------------------------
     0 | D:1      | Gorice the Spriggan Wanderer began the quest for the Orb.
     0 | D:1      | Gorice set off with: a +2 dagger, a scroll of blinking, the Grimoire of Unholy Arts, a +0 robe, a bread ration {!e}
     0 | D:1      | Reached XP level 1. HP: 9/9 MP: 3/3
     0 | D:1      | Identified the Grimoire of Unholy Arts
   376 | D:1      | Reached skill level 2 in Stealth
   423 | D:1      | Reached skill level 1 in Short Blades
   423 | D:1      | Reached XP level 2. HP: 5/13 MP: 4/4
  1569 | D:2      | Noticed a moth of wrath
  1597 | D:2      | Reached skill level 2 in Short Blades
  1597 | D:2      | Reached XP level 3. HP: 11/16 MP: 5/5
  1839 | D:2      | Reached skill level 3 in Stealth
  2009 | D:2      | HP: 4/16 [poisoned by an adder]
  2461 | D:2      | HP: 4/16 [poisoned by an adder]
  2593 | D:2      | Reached XP level 4. HP: 13/21 MP: 6/6
  2917 | D:2      | Found a bloodstained altar of Trog.
  3274 | D:2      | Reached skill level 3 in Short Blades
  3315 | D:2      | Reached skill level 4 in Dodging
  4129 | D:3      | Slain by a gnoll

Vault maps used:
D:1:      scummos_arrival_star
D:2:      moated_statue, serial_park_tiny_pond, tgw_trog
D:3:      lemuel_upstairs_altar, first_bread

Action                   |  1- 3 |  4- 6 || total
-------------------------+-------+-------++-------
Melee: Dagger            |   107 |   105 ||   212
Throw: Stone             |    17 |    62 ||    79
  Use: Scroll            |     7 |     1 ||     8
 Stab: Sleeping          |     5 |     1 ||     6
  Eat: Pizza             |       |     1 ||     1

Table legend:
 A = Turns spent in this place as a percentage of turns spent in the entire game.
 B = Non-inter-level travel turns spent in this place as a percentage of non-inter-level travel turns spent in the entire game.
 C = Inter-level travel turns spent in this place as a percentage of turns spent in this place.
 D = Turns resting spent in this place as a percentage of non-inter-level travel turns spent in this place.
 E = Turns spent auto-exploring this place as a percentage of non-inter-level travel turns spent in this place.
 F = Non-inter-level travel turns spent in this place divided by the number of levels of this place that you've seen.
                   A       B       C       D       E      F
               +-------+-------+-------+-------+-------+----------------------
         Total | 100.0 | 100.0 |   0.6 |   3.3 |   1.6 | 602.0
       Dungeon | 100.0 | 100.0 |   0.6 |   3.3 |   1.6 | 602.0
               +-------+-------+-------+-------+-------+----------------------

Vault maps used:
D:1:      scummos_arrival_star
D:2:      moated_statue, serial_park_tiny_pond, tgw_trog
D:3:      lemuel_upstairs_altar, first_bread
